[Event "42nd Olympiad Baku 2016 Women"]
[Site "Baku"]
[Date "2016.09.03"]
[Round "2.32"]
[White "Wadima Humaid S H AlKalbani"]
[Black "Van Niekerk, Lauren"]
[Result "1-0"]
[ECO "B41"]
[WhiteElo "1606"]
[BlackElo "1643"]
[Annotator ""]
[PlyCount "73"]
[EventDate "2016.??.??"]
[EventCountry "AZE"]
[SourceTitle "playchess.com"]
[Source "ChessBase"]
[WhiteTeam "United Arab Emirates"]
[BlackTeam "South Africa"]
[WhiteTeamCountry "UAE"]
[BlackTeamCountry "RSA"]
[TimeControl "40/5400+30:1800+30"]

1. e4 {(00:00)} c5 {(00:00)} 2. Nf3 {(00:00)} e6 {(
00:00)} 3. d4 {(00:00)} cxd4 {(00:07)} 4. Nxd4 {(00:00)}
a6 {(00:23)} 5. c4 {(00:00)} Nf6 {(00:27)} 6. Nc3 {
(00:05)} Qc7 {(00:24)} 7. a3 {(00:07)} b6 {(01:22)}
8. Be3 {(01:50)} Bb7 {(02:05)} 9. f3 {(00:07)} d6 {
(00:54)} 10. Be2 {(03:15)} Be7 {(01:33)} 11. O-O {(
00:17)} O-O {(02:39)} 12. Rc1 {(00:18)} Nbd7 {(02:20)} 13.
b4 {(00:11)} Rac8 {(02:44)} 14. Qd2 {(01:55)} Qb8 {
(03:45)} 15. Rc2 {(00:55)} Rfe8 {(03:15)} 16. Rb1 {
(00:47)} Bd8 {(07:30)} 17. Kh1 {(00:14)} Bc7 {(07:
45)} 18. Bg1 {(00:10)} Qa8 {(05:02)} 19. Nb3 {(04:59)}
Red8 {(17:02)} 20. Na4 {(30:05)} Qb8 {(15:47)} 21. Qe3 {
(15:48)} Re8 {(04:54)} 22. c5 {(04:15)} bxc5 {(03:
36)} 23. bxc5 {(00:10)} Ne5 {(03:00)} 24. Nd4 {(03:52)}
Qa8 {(03:26)} 25. cxd6 {(09:55)} Ba5 {(02:10)} 26. Rcb2 {
(05:21)} Bc6 {(04:03)} 27. Nb6 {(00:40)} Bxb6 {(01:
32)} 28. Rxb6 {(00:05)} Qa7 {(03:22)} 29. Rxa6 {(02:30)}
Qd7 {(00:06)} 30. Nxc6 {(00:17)} Nxc6 {(01:28)} 31. Bb5 {
(05:08)} Qb7 {(01:02)} 32. Rb6 {(00:14)} Qa8 {(00:
26)} 33. Rc1 {(02:39)} Ne5 {(00:50)} 34. Bxe8 {(00:43)}
Nc4 {(00:18)} 35. d7 {(05:02)} Nxd7 {(01:15)} 36. Bxd7 {
(00:02)} Nxb6 {(00:25)} 37. Bxc8 1-0

[Event "42nd Olympiad Baku 2016 Women"]
[Site "Baku"]
[Date "2016.09.03"]
[Round "2.11"]
[White "Wafa, Shahenda"]
[Black "Bulmaga, Irina"]
[Result "1/2-1/2"]
[ECO "C95"]
[WhiteElo "2113"]
[BlackElo "2395"]
[Annotator ""]
[PlyCount "113"]
[EventDate "2016.??.??"]
[EventCountry "AZE"]
[SourceTitle "playchess.com"]
[Source "ChessBase"]
[WhiteTeam "Egypt"]
[BlackTeam "Romania"]
[WhiteTeamCountry "EGY"]
[BlackTeamCountry "ROU"]
[TimeControl "40/5400+30:1800+30"]

1. e4 {(00:00)} e5 {(00:00)} 2. Nf3 {(00:00)} Nc6 {
(00:00)} 3. Bb5 {(00:00)} a6 {(00:00)} 4. Ba4 {(00:
11)} Nf6 {(00:00)} 5. O-O {(00:23)} Be7 {(00:19)} 6. Re1 {
(00:23)} b5 {(00:12)} 7. Bb3 {(00:09)} O-O {(00:11]
} 8. c3 {(01:55)} d6 {(00:12)} 9. h3 {(00:13)} Nb8 {
(00:16)} 10. d4 {(01:06)} Nbd7 {(00:06)} 11. Nbd2 {
(03:30)} Bb7 {(00:09)} 12. Bc2 {(02:12)} Re8 {(00:
17)} 13. Nf1 {(04:38)} Bf8 {(00:42)} 14. Ng3 {(03:27)} g6
{(00:28)} 15. a4 {(04:13)} Bg7 {(03:03)} 16. d5 {(
02:09)} Qb8 {(03:06)} 17. axb5 {(06:22)} axb5 {(00:08)}
18. Rxa8 {(00:19)} Bxa8 {(05:09)} 19. b3 {(09:23)} c6 {
(06:56)} 20. c4 {(03:06)} bxc4 {(13:25)} 21. bxc4 {
(00:22)} Qb4 {(06:52)} 22. dxc6 {(07:01)} Bxc6 {(
00:11)} 23. Qd3 {(00:15)} Nb6 {(09:40)} 24. Ba3 {(06:44)}
Qxc4 {(01:45)} 25. Bxd6 {(13:17)} Qxd3 {(04:27)} 26. Bxd3
{(00:05)} Rd8 {(01:00)} 27. Bc7 {(02:04)} Rxd3 {(
00:07)} 28. Bxb6 {(01:45)} Nd7 {(01:13)} 29. Be3 Rc3 {(03:
34)} 30. Rc1 {(03:42)} Rxc1+ {(01:02)} 31. Bxc1 {(00:05)}
Nc5 {(00:29)} 32. Nd2 {(02:13)} Bf8 {(07:47)} 33. Nc4 {
(03:14)} f6 {(01:59)} 34. f3 {(03:55)} Kf7 {(01:06]
} 35. Nf1 {(05:13)} Ke6 {(03:14)} 36. Be3 {(04:23)} f5 {
(02:01)} 37. exf5+ {(00:19)} gxf5 {(00:12)} 38. f4 {
(00:50)} e4 {(01:01)} 39. g4 {(03:24)} Bb5 {(10:32]
} 40. Ncd2 {(00:00)} Bxf1 {(00:00)} 41. Kxf1 {(03:16)} Nd3
{(15:06)} 42. Nc4 {(02:58)} Nb4 {(02:41)} 43. Bd2 {
(01:28)} Nd5 {(00:38)} 44. Ne3 {(00:36)} Nxf4 {(03:
18)} 45. Nxf5 {(02:40)} Nd5 {(00:15)} 46. Ke2 {(01:30)}
Ke5 {(00:38)} 47. Ng3 {(05:01)} Bc5 {(03:13)} 48. Nf5 {
(02:48)} Nf4+ {(08:07)} 49. Bxf4+ {(01:24)} Kxf4 {(
00:02)} 50. Ng7 {(00:50)} Kg3 {(03:31)} 51. Ne6 {(00:09)}
Be7 {(01:11)} 52. Ke3 {(00:21)} Kxh3 {(00:07)} 53. g5 {
(00:16)} Kh4 {(02:38)} 54. Kxe4 {(00:08)} Kg4 {(00:
14)} 55. g6 {(00:35)} hxg6 {(00:11)} 56. Nf4 {(00:06)} g5
{(00:08)} 57. Ne6 {(00:03)} 1/2-1/2

[Event "42nd Olympiad Baku 2016 Women"]
[Site "Baku"]
[Date "2016.09.03"]
[Round "2.25"]
[White "Wang, Chengjia"]
[Black "Soondarsingh, Aditi"]
[Result "1-0"]
[ECO "B27"]
[WhiteElo "2017"]
[BlackElo "1736"]
[Annotator ""]
[PlyCount "67"]
[EventDate "2016.??.??"]
[EventCountry "AZE"]
[SourceTitle "playchess.com"]
[Source "ChessBase"]
[WhiteTeam "Korea"]
[BlackTeam "TTO"]
[WhiteTeamCountry "KOR"]
[TimeControl "40/5400+30:1800+30"]

1. e4 {(00:00)} c5 {(00:00)} 2. Nf3 {(00:00)} g6 {(
00:00)} 3. c4 {(00:07)} Nc6 {(00:00)} 4. d4 {(00:55)} cxd4
{(00:05)} 5. Nxd4 {(00:12)} Nf6 {(00:15)} 6. Nc3 {(
00:14)} d6 {(00:05)} 7. Be2 {(00:50)} Bd7 {(02:03)} 8. Be3
{(01:31)} Bg7 {(00:38)} 9. O-O {(01:27)} O-O {(00:
30)} 10. h3 {(01:24)} a5 {(00:36)} 11. Qd2 {(03:15)} Rc8 {
(05:09)} 12. Rad1 {(01:38)} a4 {(01:26)} 13. b3 {(
04:56)} axb3 {(01:53)} 14. axb3 {(00:12)} Be8 {(06:33)}
15. f4 {(07:05)} Qa5 {(06:44)} 16. Bf3 {(07:34)} Nd7 {
(07:27)} 17. Ra1 {(04:51)} Qd8 {(03:14)} 18. Ndb5 {
(18:28)} Ra8 {(10:58)} 19. Rxa8 {(05:53)} Qxa8 {(
03:47)} 20. Nd5 {(00:49)} Qb8 {(22:24)} 21. Rd1 {(05:45)}
Nc5 {(09:14)} 22. b4 {(05:45)} Na6 {(06:07)} 23. Bb6 {
(07:09)} Bd7 {(01:29)} 24. Nbc7 {(12:16)} Nxc7 {(
00:24)} 25. Bxc7 {(00:18)} Qa7+ {(00:41)} 26. Bb6 {(00:12]
} Qa4 {(05:03)} 27. b5 {(00:28)} Nb8 {(01:06)} 28. Nxe7+ {
(01:44)} Kh8 {(00:01)} 29. Qxd6 {(02:05)} Re8 {(03:
35)} 30. Bc7 {(00:36)} Bf8 {(00:04)} 31. Bxb8 Rxe7 {(01:
22)} 32. Qf6+ {(01:51)} Kg8 {(00:02)} 33. Rxd7 {(01:05)}
Rxd7 {(00:38)} 34. Be5 {(00:06)} 1-0

[Event "42nd Olympiad Baku 2016 Women"]
[Site "Baku"]
[Date "2016.09.03"]
[Round "2.3"]
[White "Wasif, Zenobia"]
[Black "Kruk, Karina"]
[Result "0-1"]
[ECO "C00"]
[WhiteElo "1566"]
[BlackElo "1766"]
[Annotator ""]
[PlyCount "88"]
[EventDate "2016.??.??"]
[EventCountry "AZE"]
[SourceTitle "playchess.com"]
[Source "ChessBase"]
[WhiteTeam "Pakistan"]
[BlackTeam "Ireland"]
[WhiteTeamCountry "PAK"]
[BlackTeamCountry "IRL"]
[TimeControl "40/5400+30:1800+30"]

1. e4 {(00:00)} e6 {(00:00)} 2. c4 {(00:00)} d5 {(
02:35)} 3. cxd5 {(00:26)} exd5 {(00:14)} 4. e5 {(00:19)}
c5 {(06:13)} 5. Nf3 {(07:37)} Nc6 {(00:42)} 6. Bb5 {
(01:46)} Bd7 {(04:27)} 7. Bxc6 {(06:32)} Bxc6 {(02:
45)} 8. d4 {(00:11)} cxd4 {(11:41)} 9. O-O {(02:59)} Bc5 {
(13:31)} 10. Nxd4 {(03:34)} Bxd4 {(16:11)} 11. Qxd4 {
(00:30)} Ne7 {(01:39)} 12. Nc3 {(06:14)} O-O {(01:
53)} 13. Bg5 {(04:04)} Re8 {(05:09)} 14. Qg4 {(08:00)} Qc8
{(01:46)} 15. Qb4 {(07:18)} Nf5 {(01:17)} 16. Rac1 {
(01:57)} Qe6 {(02:40)} 17. Rfe1 {(04:31)} Qg6 {(02:
33)} 18. Qf4 {(09:51)} h6 {(08:23)} 19. Bh4 {(01:59)} Nxh4
{(00:27)} 20. Qxh4 {(00:08)} Rad8 {(00:11)} 21. Qd4 {
(01:07)} a6 {(01:33)} 22. Re3 {(02:29)} Qg5 {(06:
22)} 23. Rce1 {(03:45)} Re6 {(00:32)} 24. f4 {(00:28)} Qf5
{(01:13)} 25. h3 {(02:39)} h5 {(00:11)} 26. Ne2 {(
04:51)} Qc2 {(00:49)} 27. f5 {(01:41)} Qxf5 {(00:35)} 28.
Qb6 {(00:37)} Qg5 {(01:40)} 29. Nd4 {(00:59)} Rg6 {
(00:48)} 30. R1e2 {(01:46)} Rc8 {(02:57)} 31. e6 {(
05:37)} fxe6 {(01:01)} 32. Nxe6 {(00:44)} Qf5 {(01:03)}
33. Nd4 {(03:00)} Qd7 {(00:20)} 34. Re7 {(01:53)} Qxh3 {
(00:05)} 35. Nxc6 {(05:25)} bxc6 {(00:08)} 36. Qxa6 {
(00:33)} Qg4 {(00:22)} 37. Qd3 {(00:11)} Rf8 {(01:
47)} 38. Qc2 {(00:06)} Rgf6 {(00:19)} 39. Re1 {(00:25)}
Qd4+ {(00:37)} 40. R7e3 {(00:00)} c5 {(00:00)} 41. Qe2 {
(00:38)} Re8 {(04:48)} 42. Kh1 {(00:58)} Rxe3 {(08:
21)} 43. Qxe3 {(00:16)} Rf1+ {(00:20)} 44. Kh2 {(04:09)}
Qh4+ {(00:12)} 0-1

[Event "42nd Olympiad Baku 2016 Women"]
[Site "Baku"]
[Date "2016.09.03"]
[Round "2.22"]
[White "Wickramasinghe, Dilhara Ishini"]
[Black "Acevedo Mendez, Lisseth"]
[Result "1-0"]
[ECO "A80"]
[WhiteElo "1750"]
[BlackElo "1857"]
[Annotator ""]
[PlyCount "111"]
[EventDate "2016.??.??"]
[EventCountry "AZE"]
[SourceTitle "playchess.com"]
[Source "ChessBase"]
[WhiteTeam "Sri Lanka"]
[BlackTeam "Costa Rica"]
[WhiteTeamCountry "SRI"]
[BlackTeamCountry "CRI"]
[TimeControl "40/5400+30:1800+30"]

1. d4 {(00:00)} f5 {(00:00)} 2. Nc3 {(00:00)} Nf6 {
(00:00)} 3. Bg5 {(00:10)} e6 {(00:19)} 4. e4 {(01:
00)} Be7 {(04:42)} 5. exf5 {(14:40)} exf5 {(00:05)} 6. Bc4
{(14:00)} d6 {(20:16)} 7. Nge2 {(03:06)} c6 {(00:
32)} 8. Nf4 {(07:01)} d5 {(06:17)} 9. Be2 {(17:46)} O-O {
(00:11)} 10. O-O {(01:08)} Ne4 {(00:23)} 11. Bxe7 {
(02:34)} Qxe7 {(00:04)} 12. Nxe4 {(02:10)} fxe4 {(
00:08)} 13. Nh5 {(03:04)} Nd7 {(08:29)} 14. Bg4 {(02:48)}
Nb6 {(01:21)} 15. Bxc8 {(05:48)} Raxc8 {(00:05)} 16. c3 {
(02:56)} Nc4 {(01:39)} 17. Qe2 {(02:17)} Rce8 {(03:
07)} 18. Ng3 {(02:08)} Qg5 {(03:13)} 19. b3 {(04:08)} Nd6
{(01:21)} 20. Rac1 {(02:48)} Rf6 {(02:15)} 21. c4 {
(01:30)} Ref8 {(02:59)} 22. Rc2 {(01:15)} Rh6 {(00:
32)} 23. h3 {(06:32)} Qf6 {(03:39)} 24. Qe3 {(00:55)} Qh4
{(03:26)} 25. cxd5 {(01:16)} cxd5 {(00:05)} 26. Rc5 {
(00:42)} Nf5 {(03:43)} 27. Nxf5 {(00:25)} Rxf5 {(
01:55)} 28. Rc8+ {(00:21)} Rf8 {(00:03)} 29. Rxf8+ {(01:
23)} Kxf8 {(00:04)} 30. Rc1 {(00:17)} Re6 {(09:59)} 31.
Qc3 {(00:39)} Rc6 {(04:36)} 32. Qb4+ {(00:08)} Qe7 {
(00:04)} 33. Qxe7+ {(00:31)} Kxe7 {(00:02)} 34. Rxc6 {
(00:11)} bxc6 {(00:03)} 35. Kf1 {(00:05)} Kd6 {(00:
03)} 36. Ke2 {(00:06)} Kc7 {(02:51)} 37. Kd2 {(00:35)} Kb6
{(00:14)} 38. Kc3 {(00:08)} a6 {(01:26)} 39. Kb4 {(
00:23)} h6 {(00:55)} 40. a3 {(00:00)} c5+ {(00:00)} 41.
Kc3 {(16:22)} Kb5 {(12:02)} 42. dxc5 {(08:05)} Kxc5 {
(00:07)} 43. b4+ {(00:22)} Kb5 {(01:55)} 44. Kd4 {(
00:47)} Ka4 {(01:01)} 45. Kxd5 {(00:19)} Kxa3 {(00:04)}
46. Kc4 {(00:56)} Ka4 {(00:04)} 47. Kc3 {(00:14)} Ka3 {
(00:14)} 48. Kc4 {(00:08)} Kb2 {(00:41)} 49. g4 {(
07:51)} Kc2 {(00:26)} 50. h4 {(01:33)} Kb2 {(01:31)} 51.
g5 {(00:18)} hxg5 {(00:49)} 52. hxg5 {(00:01)} Kc2 {
(00:07)} 53. g6 {(00:18)} Kb2 {(00:04)} 54. Kd4 {(
00:42)} Kb3 {(00:09)} 55. Kxe4 {(00:23)} Kxb4 {(00:03)}
56. f4 {(00:08)} 1-0

[Event "42nd Olympiad Baku 2016 Women"]
[Site "Baku"]
[Date "2016.09.03"]
[Round "2.9"]
[White "Worek, Joanna"]
[Black "Rodriguez Rueda, Paula Andrea"]
[Result "1/2-1/2"]
[ECO "E21"]
[WhiteElo "2360"]
[BlackElo "2326"]
[Annotator ""]
[PlyCount "89"]
[EventDate "2016.??.??"]
[EventCountry "AZE"]
[SourceTitle "playchess.com"]
[Source "ChessBase"]
[WhiteTeam "Czech Republic"]
[BlackTeam "Colombia"]
[WhiteTeamCountry "CZE"]
[BlackTeamCountry "COL"]
[TimeControl "40/5400+30:1800+30"]

1. c4 {(00:00)} e6 {(00:00)} 2. d4 {(00:00)} Nf6 {(
00:08)} 3. Nc3 {(00:11)} Bb4 {(00:51)} 4. Nf3 {(00:54)} b6
{(02:07)} 5. Bd2 {(01:44)} Bb7 {(00:50)} 6. g3 {(
00:52)} O-O {(03:54)} 7. Bg2 {(02:00)} d6 {(01:32)} 8. O-O
{(02:40)} Nbd7 {(01:18)} 9. Rc1 {(04:05)} Qe7 {(05:
18)} 10. Bg5 {(13:46)} Bxc3 {(00:36)} 11. Rxc3 {(02:14)}
h6 {(00:35)} 12. Bxf6 {(04:43)} Nxf6 {(00:21)} 13. Nh4 {
(13:40)} Bxg2 {(01:13)} 14. Nxg2 {(00:06)} c5 {(02:
43)} 15. Re1 {(06:27)} d5 {(02:58)} 16. cxd5 {(04:40)}
Nxd5 {(00:40)} 17. Rc1 {(00:29)} cxd4 {(07:59)} 18. Qxd4 {
(00:23)} Rac8 {(01:41)} 19. a3 {(04:11)} Rfd8 {(02:
00)} 20. Rxc8 {(04:30)} Rxc8 {(00:06)} 21. e4 {(08:14)}
Nf6 {(01:17)} 22. b4 {(05:02)} Qc7 {(00:50)} 23. e5 {
(06:11)} Nd5 {(00:33)} 24. Ne3 {(00:47)} Nc3 {(01:
43)} 25. Nf1 {(06:39)} Qc6 {(04:42)} 26. Nd2 {(01:18)} Nb5
{(02:56)} 27. Qd3 {(00:39)} Qc3 {(06:08)} 28. Qxb5 {
(02:38)} Qxd2 {(00:05)} 29. Re3 {(01:20)} g6 {(08:
11)} 30. Kg2 {(00:34)} Kg7 {(03:38)} 31. Qd3 {(01:34)} Qc1
{(05:22)} 32. h4 {(01:17)} g5 {(02:42)} 33. Qd4 {(
01:00)} Qc6+ {(04:03)} 34. Kh2 {(01:06)} Qc2 {(08:16)} 35.
Kg2 {(00:41)} Rc4 {(06:42)} 36. Qd8 {(00:07)} Qg6 {
(00:33)} 37. hxg5 {(00:40)} hxg5 {(00:48)} 38. Rf3 {
(00:13)} g4 {(01:11)} 39. Re3 {(01:17)} Rc2 {(05:
31)} 40. Qd3 {(00:00)} Ra2 {(00:00)} 41. Qc4 {(03:26)} Rc2
{(08:28)} 42. Qf4 {(03:45)} Ra2 {(06:52)} 43. Qc4 {
(08:42)} Rc2 {(00:05)} 44. Qf4 {(00:54)} Ra2 {(00:
15)} 45. Qc4 {(01:09)} 1/2-1/2

[Event "42nd Olympiad Baku 2016 Women"]
[Site "Baku"]
[Date "2016.09.03"]
[Round "2.4"]
[White "Wozniak, Mariola"]
[Black "Mahmutbegovic, Nadina"]
[Result "1-0"]
[ECO "A03"]
[WhiteElo "2246"]
[BlackElo "1908"]
[Annotator ""]
[PlyCount "73"]
[EventDate "2016.??.??"]
[EventCountry "AZE"]
[SourceTitle "playchess.com"]
[Source "ChessBase"]
[WhiteTeam "Poland"]
[BlackTeam "Bosnia  Herzegovina"]
[WhiteTeamCountry "POL"]
[BlackTeamCountry "BIH"]
[TimeControl "40/5400+30:1800+30"]

1. f4 {(00:00)} d5 {(00:27)} 2. Nf3 {(00:00)} Nf6 {
(00:38)} 3. g3 {(00:00)} g6 {(02:24)} 4. Bg2 {(00:
15)} Bg7 {(00:38)} 5. O-O {(00:29)} O-O {(00:52)} 6. d3 {
(01:35)} Nc6 {(07:16)} 7. Qe1 {(09:14)} Bg4 {(12:
11)} 8. c3 {(10:03)} Bxf3 {(06:20)} 9. Bxf3 {(01:23)} e5 {
(00:30)} 10. fxe5 {(07:06)} Nxe5 {(00:09)} 11. Bg5 {
(10:34)} Nxf3+ {(08:41)} 12. exf3 {(03:59)} Re8 {(
07:33)} 13. Qd2 {(04:37)} Qe7 {(12:04)} 14. Na3 {(04:55)}
Qe2 {(02:28)} 15. Rad1 {(03:37)} Qxd2 {(01:30)} 16. Rxd2 {
(00:44)} c6 {(02:15)} 17. Bxf6 {(05:04)} Bxf6 {(00:
06)} 18. d4 {(00:22)} Re7 {(01:06)} 19. Nc2 {(00:21)} Rae8
{(00:05)} 20. Kf2 {(00:17)} h5 {(05:17)} 21. h4 {(
01:52)} Bg7 {(01:22)} 22. Ne1 {(01:21)} b5 {(06:45)} 23.
f4 {(07:06)} a5 {(06:12)} 24. Nf3 {(03:09)} Rb7 {(
03:19)} 25. Ne5 {(01:23)} Bxe5 {(01:02)} 26. fxe5 {(00:40]
} b4 {(04:51)} 27. Rc1 {(06:59)} Reb8 {(05:17)} 28. c4 {
(01:58)} Kf8 {(00:45)} 29. Ke3 {(01:03)} Ke7 {(00:
09)} 30. cxd5 {(00:15)} cxd5 {(00:11)} 31. Rc5 {(00:14)}
Rd7 {(02:30)} 32. Rxa5 {(00:45)} Ke6 {(00:30)} 33. Rc2 {
(01:07)} Kf5 {(00:28)} 34. Kf3 {(01:34)} f6 {(00:
36)} 35. exf6 {(00:44)} Kxf6 {(00:04)} 36. Rc6+ {(00:31)}
Kf7 {(00:55)} 37. Raa6 {(00:26)} 1-0

[Event "42nd Olympiad Baku 2016 Women"]
[Site "Baku"]
[Date "2016.09.03"]
[Round "2.18"]
[White "Yildiz, Betul Cemre"]
[Black "Balajayeva, Khanim"]
[Result "1/2-1/2"]
[ECO "D02"]
[WhiteElo "2369"]
[BlackElo "2147"]
[Annotator ""]
[PlyCount "110"]
[EventDate "2016.??.??"]
[EventCountry "AZE"]
[SourceTitle "playchess.com"]
[Source "ChessBase"]
[WhiteTeam "Turkey"]
[BlackTeam "Azerbaijan"]
[WhiteTeamCountry "TUR"]
[BlackTeamCountry "AZE"]
[TimeControl "40/5400+30:1800+30"]

1. d4 {(00:00)} d5 {(00:00)} 2. Nf3 {(00:00)} e6 {(
00:01)} 3. c4 {(00:00)} c5 {(00:21)} 4. cxd5 {(00:30)}
exd5 {(00:07)} 5. g3 {(00:42)} Nc6 {(00:24)} 6. Bg2 {
(01:12)} Nf6 {(00:16)} 7. O-O {(00:44)} Be7 {(00:
10)} 8. dxc5 {(00:18)} Bxc5 {(00:22)} 9. Nc3 {(00:16)} O-O
{(02:30)} 10. a3 {(00:08)} Be6 {(13:05)} 11. b4 {(
00:23)} Be7 {(04:02)} 12. Bb2 {(01:29)} Ne4 {(04:40)} 13.
Na4 {(03:50)} Bf6 {(09:10)} 14. Nd4 {(10:54)} Nxd4 {
(04:47)} 15. Bxd4 {(00:20)} Rc8 {(04:28)} 16. Qd3 {
(32:17)} Rc4 {(06:16)} 17. Bxf6 {(01:37)} Qxf6 {(
00:59)} 18. f3 {(07:19)} Nc3 {(05:28)} 19. Nc5 {(02:40)}
b6 {(03:58)} 20. Nxe6 {(06:40)} Qxe6 {(00:30)} 21. Rfe1 {
(00:56)} Re8 {(07:22)} 22. e3 {(02:12)} b5 {(10:12]
} 23. Qd2 {(01:46)} Rec8 {(06:44)} 24. Bf1 {(00:54)} R4c6
{(00:21)} 25. Bd3 {(05:04)} Qf6 {(00:19)} 26. Rf1 {
(02:35)} a6 {(01:58)} 27. Rae1 {(03:17)} h6 {(08:
38)} 28. Kh1 {(04:29)} Qg5 {(01:28)} 29. Qf2 {(03:18)} Qd8
{(02:55)} 30. Bc2 {(05:48)} Qf8 {(01:24)} 31. Qd2 {
(01:50)} g6 {(01:43)} 32. Bb3 {(00:37)} Qd6 {(00:
36)} 33. Qd4 {(00:49)} Qf6 {(00:37)} 34. Qxf6 {(01:18)}
Rxf6 {(00:03)} 35. Rc1 {(00:12)} Rfc6 {(00:40)} 36. Rc2 {
(00:39)} Kf8 {(00:28)} 37. Rfc1 {(00:05)} R6c7 {(
00:05)} 38. Rd2 {(01:07)} Ke7 {(00:18)} 39. Re1 {(00:35)}
f5 {(01:23)} 40. Rd4 {(00:00)} Rd7 {(00:00)} 41. g4 {
(08:15)} fxg4 {(08:03)} 42. Rxg4 {(00:14)} Rc6 {(
00:22)} 43. Reg1 {(05:19)} Rdd6 {(00:51)} 44. Rc1 {(00:58]
} Kd7 {(05:44)} 45. Rd4 {(07:43)} Na4 {(03:54)} 46. Rxc6 {
(05:34)} Kxc6 {(00:04)} 47. Bxa4 {(00:21)} bxa4 {(
00:03)} 48. Kg2 {(00:08)} Kd7 {(03:20)} 49. Kf2 {(03:03)}
Ke6 {(00:18)} 50. Ke2 {(00:21)} Rc6 {(03:24)} 51. Kd2 {
(00:02)} Rc8 {(00:23)} 52. Rg4 {(00:52)} Kf6 {(04:
32)} 53. Rf4+ {(00:04)} Ke6 {(00:11)} 54. Rg4 {(00:45)}
Kf6 {(00:05)} 55. Rf4+ {(01:47)} Ke6 {(00:06)} 1/2-1/2

[Event "42nd Olympiad Baku 2016 Women"]
[Site "Baku"]
[Date "2016.09.03"]
[Round "2.3"]
[White "Zatonskih, Anna"]
[Black "Hagesather, Ellen"]
[Result "1/2-1/2"]
[ECO "A80"]
[WhiteElo "2449"]
[BlackElo "2139"]
[Annotator ""]
[PlyCount "111"]
[EventDate "2016.??.??"]
[EventCountry "AZE"]
[SourceTitle "playchess.com"]
[Source "ChessBase"]
[WhiteTeam "United States"]
[BlackTeam "Norway"]
[WhiteTeamCountry "USA"]
[BlackTeamCountry "NOR"]
[TimeControl "40/5400+30:1800+30"]

1. d4 {(00:00)} f5 {(00:00)} 2. Nf3 {(00:29)} Nf6 {
(00:17)} 3. g3 {(00:46)} e6 {(00:48)} 4. Bg2 {(00:
08)} d5 {(00:09)} 5. O-O {(01:43)} Bd6 {(00:26)} 6. c4 {
(00:13)} c6 {(00:35)} 7. Qc2 {(01:19)} O-O {(00:39]
} 8. Nc3 {(00:29)} Ne4 {(04:06)} 9. Rb1 {(03:25)} Qe7 {
(03:47)} 10. b4 {(07:02)} Nd7 {(06:25)} 11. b5 {(
07:16)} Ndf6 {(08:18)} 12. Bf4 {(10:13)} Bxf4 {(05:52)}
13. gxf4 {(01:39)} Bd7 {(06:28)} 14. bxc6 {(08:36)} Bxc6 {
(05:28)} 15. Ne5 {(00:31)} Rac8 {(04:56)} 16. Nxe4 {
(05:05)} fxe4 {(02:19)} 17. c5 {(06:49)} Rc7 {(02:
15)} 18. e3 {(01:51)} Nd7 {(01:30)} 19. Nxc6 {(14:14)}
bxc6 {(00:11)} 20. f3 {(01:32)} exf3 {(01:06)} 21. Bxf3 {
(00:02)} Qh4 {(03:57)} 22. Kh1 {(07:06)} Rf6 {(04:
53)} 23. Rg1 {(08:13)} Rh6 {(04:40)} 24. Rg4 {(03:50)} Qd8
{(06:25)} 25. Rg2 {(02:02)} Rh3 {(06:27)} 26. Rxg7+ {
(01:36)} Kxg7 {(04:04)} 27. Qg2+ {(00:06)} Kh8 {(
01:25)} 28. Qxh3 {(00:10)} Qf6 {(01:05)} 29. Be2 {(03:49)}
Qg6 {(03:03)} 30. f5 {(01:29)} Qxf5 {(01:43)} 31. Qxf5 {
(00:09)} exf5 {(00:05)} 32. Bd3 {(00:18)} Nf6 {(01:
35)} 33. Bxf5 {(00:17)} Re7 {(00:55)} 34. Rb3 {(01:15)}
Kg7 {(00:36)} 35. Kg2 {(01:04)} Kh6 {(01:39)} 36. h4 {
(01:18)} Kh5 {(01:09)} 37. Kg3 {(00:33)} Ne4+ {(01:
39)} 38. Bxe4 {(00:07)} Rxe4 {(00:08)} 39. Ra3 {(01:42)}
a5 {(01:00)} 40. Kf3 {(00:00)} Rxh4 {(00:00)} 41. Rxa5 {
(00:25)} Kg5 {(01:53)} 42. Ra6 {(11:41)} Rh6 {(05:
53)} 43. Ra7 {(02:29)} Rf6+ {(01:48)} 44. Ke2 {(03:48)} h5
{(00:51)} 45. Rh7 {(06:21)} h4 {(05:00)} 46. a4 {(
00:10)} Rf8 {(01:06)} 47. Rg7+ {(04:22)} Kh5 {(03:45)} 48.
a5 {(01:15)} h3 {(05:33)} 49. a6 {(01:37)} Kh4 {(
00:38)} 50. a7 {(01:32)} h2 {(02:40)} 51. Rh7+ {(00:50)}
Kg3 {(00:23)} 52. Rg7+ {(00:43)} Kh3 {(00:19)} 53. Rh7+ {
(00:04)} Kg2 {(00:46)} 54. Rg7+ {(00:05)} Kh3 {(00:
06)} 55. Rh7+ {(00:06)} Kg2 {(00:12)} 56. Rg7+ 1/2-1/2